 Dungeon Crawl Stone Soup version 0.28.0 (webtiles) character file.

Game seed: 2138446334902573312

455 danielguo94 the Cudgeller (level 7, 0/43 HPs)
             Began as a Gargoyle Fighter on Feb 6, 2022.
             Slain by Pikel (3 damage)
             ... on level 4 of the Dungeon.
             The game lasted 00:04:45 (2889 turns).

danielguo94 the Cudgeller (Gargoyle Fighter)        Turns: 2889, Time: 00:04:46

Health: 0/43       AC: 15    Str: 22    XL:     7   Next: 5%
Magic:  7/7        EV:  9    Int:  8    God:
Gold:   22         SH:  4    Dex:  9    Spells: 6/6 levels left

rFire   . . .      SeeInvis .   a - +0 flail
rCold   . . .      Faith    .   c - +0 buckler
rNeg    + . .      Spirit   .   b - +0 scale mail
rPois   ∞          Reflect  .   (no helmet)
rElec   +          Harm     .   (no cloak)
rCorr   .          Rampage  .   (no gloves)
Will    .....                   (no boots)
Stlth   ..........              (no amulet)
HPRegen 0.14/turn               g - ring of flight
MPRegen 0.10/turn               m - +4 ring of protection

@: flying
A: sickness immunity, AC +4, negative energy resistance 1, electricity
resistance, torment resistance 1, petrification resistance
a: no special abilities


You were on level 4 of the Dungeon.
You visited 1 branch of the dungeon, and saw 4 of its levels.

You collected 112 gold pieces.
You spent 90 gold pieces at shops.

Inventory:

Hand Weapons
 a - a +0 flail (weapon)
Missiles
 f - 145 stones (quivered)
 h - 2 datura-tipped darts
 k - 2 poisoned darts
 l - 3 curare-tipped darts
 q - 2 javelins
Armour
 b - a +0 scale mail (worn)
 c - a +0 buckler (worn)
Jewellery
 g - a ring of flight (left hand)
 m - a +4 ring of protection (right hand)
Wands
 r - a wand of acid (6)
 w - a wand of paralysis (1)
Scrolls
 o - a scroll of amnesia {unknown}
 p - 2 scrolls of fog
 s - a scroll of enchant weapon {unknown}
 u - a scroll of teleportation {unknown}
 v - a scroll of vulnerability {unknown}
Potions
 d - a potion of might
 i - a potion of attraction {unknown}
 n - 2 potions of ambrosia {unknown}
 t - a potion of resistance {unknown}


   Skills:
 + Level 4.2 Fighting
 * Level 6.0 Maces & Flails
 + Level 4.1 Armour
 + Level 1.0 Dodging
 + Level 3.7 Shields


You had 6 spell levels left.
You didn't know any spells.
Your spell library contained the following spells:

 Spells                   Type           Power      Damage    Failure   Level
 Slow                     Hex            0%         N/A       82%         1
 Confusing Touch          Hex            0%         N/A       99%         3
 Vampiric Draining        Necr           0%         2d6       99%         3


Dungeon Overview and Level Annotations

Branches:
Dungeon (4/15)
 Temple: D:4-7

Altars:
Vehumet
Xom

Shops:
D:2 :   D:3 =*(

Annotations:
D:2 1 runed translucent door, Crazy Yiuf
D:4 Pikel


Innate Abilities, Weirdness & Mutations

You are immune to sickness and miasma.
Your stone body is resilient. (AC +4)
You are immune to poison.
You resist negative energy. (rN+)
You are resistant to electric shocks. (rElec)
You are resistant to unholy torment.
You are immune to petrification.


Message History

You closely miss Pikel. Pikel hits you but does no damage.
Pikel completely misses you.
You barely miss Pikel. Pikel closely misses you.
Pikel hits you but does no damage.
You closely miss Pikel. Pikel barely misses you.
You closely miss Pikel. Pikel hits you but does no damage.
Pikel barely misses you.
A lemure comes into view.
You barely miss Pikel. You block Pikel's attack.
Pikel hits you with a +0 whip of electrocution!
Unknown command.
Unknown command.
You sock Pikel!
Pikel is moderately wounded.
Pikel closely misses you.
Pikel hits you with a +0 whip of electrocution!
Unknown command.
You are too injured to fight recklessly!
You are too injured to fight recklessly!
Unknown command.
Unknown command.
You are too injured to fight recklessly!
Unknown command.
You are too injured to fight recklessly!
Unknown command.
You are too injured to fight recklessly!
Unknown command.
You closely miss Pikel.
Pikel is moderately wounded.
Pikel hits you but does no damage.
You sock Pikel!
Pikel is moderately wounded.
Pikel hits you with a +0 whip of electrocution!
* * * LOW HITPOINT WARNING * * *
Pikel hits you with a +0 whip of electrocution.
* * * LOW HITPOINT WARNING * * *
You miss Pikel.
Pikel is moderately wounded.
Pikel hits you with a +0 whip of electrocution.
You die...

#############
#...........[
#)########### #.# #.####
#....########
#............
.##.#########...#######.
...555K@...>....+.......
.##.######.##...#######.
........# #. #.#.##.###
#. #.#.##.# #. . #.##.#
#. ## #..... #. #.. ..
#. #.


You could see Pikel (berserk) and 3 lemures.

Vanquished Creatures
  Sigmund (D:4)
  2 orc priests (D:4)
  Jessica (D:3)
  Ijyb (D:3)
  Natasha (thrice) (D:3)
  A gnoll (D:1)
  2 adders
  2 worms
  3 dart slugs
  3 orcs
  4 ball pythons
  10 bats
  8 endoplasms
  5 giant cockroaches
  A goblin (D:1)
  7 hobgoblins
  4 jackals (D:4)
  2 quokkas
  3 kobolds
  4 rats
67 creatures vanquished.

Notes
Turn   | Place    | Note
-------+----------+-------------------------------------------
     0 | D:1      | danielguo94 the Gargoyle Fighter began the quest for the
                  | Orb.
     0 | D:1      | Reached XP level 1. HP: 14/14 MP: 1/1
    66 | D:1      | Reached XP level 2. HP: 16/19 MP: 2/2
   225 | D:1      | Reached XP level 3. HP: 20/23 MP: 3/3
   396 | D:1      | Reached skill level 3 in Maces & Flails
   802 | D:2      | Found a shimmering altar of Xom.
   922 | D:2      | Found a faded altar of an unknown god.
   972 | D:2      | Found Basaopsy's Book Boutique.
  1183 | D:2      | Found a runed translucent door.
  1184 | D:2      | Noticed Crazy Yiuf
  1319 | D:2      | Reached XP level 4. HP: 29/29 MP: 4/4
  1483 | D:3      | Found Felommec's Weapon Boutique.
  1493 | D:3      | Bought 3 curare-tipped darts for 21 gold pieces
  1560 | D:3      | Found a radiant altar of Vehumet.
  1574 | D:3      | Found Lozitaddou's Assorted Antiques.
  1574 | D:3      | Noticed Natasha
  1591 | D:3      | Killed Natasha
  1747 | D:3      | Bought a lumpy pink potion for 21 gold pieces
  1747 | D:3      | Bought a scroll labelled ELERCH TAMISHRO for 24 gold pieces
  1747 | D:3      | Bought a scroll labelled JIDIXT PAHEO for 24 gold pieces
  1912 | D:3      | Noticed Ijyb
  1920 | D:3      | Paralysed by Ijyb for 5 turns
  1943 | D:3      | Reached skill level 4 in Maces & Flails
  1943 | D:3      | Reached XP level 5. HP: 21/33 MP: 5/5
  1946 | D:3      | Killed Ijyb
  1982 | D:3      | Noticed Natasha
  1988 | D:3      | Killed Natasha
  2095 | D:3      | Noticed Natasha
  2101 | D:3      | Killed Natasha
  2215 | D:3      | Noticed Jessica
  2227 | D:3      | Killed Jessica
  2237 | D:3      | Found Jutix's Jewellery Shop.
  2247 | D:3      | Reached XP level 6. HP: 32/38 MP: 6/6
  2393 | D:4      | Reached skill level 5 in Maces & Flails
  2609 | D:4      | Noticed Sigmund
  2651 | D:4      | Killed Sigmund
  2652 | D:4      | Reached skill level 6 in Maces & Flails
  2652 | D:4      | Reached skill level 1 in Dodging
  2652 | D:4      | Reached XP level 7. HP: 13/43 MP: 7/7
  2876 | D:4      | Noticed Pikel
  2889 | D:4      | Slain by Pikel

Illustrated notes

Levels and vault maps discovered:
D:1:      scummos_arrival_forest, layout_basic
D:2:      layout_basic, hellmonk_ecumenical_altar_zigzags, basic_altar,
          serial_shops, nicolae_shop_waterfront, uniq_crazy_yiuf_cottage
D:3:      layout_basic, mainiacjoe_overflow_tiny_flanked, serial_shops,
          nicolae_shop_bloodbath_and_beyond, nicolae_shop_trees, shop,
          uniq_jessica, uniq_natasha, uniq_ijyb
D:4:      layout_basic, uniq_sigmund, uniq_pikel, uniq_blork_the_orc

Skill      XL: |  1  2  3  4  5  6 |
---------------+-------------------+-----
Maces & Flails | 3 4 6 |  6.0
Fighting       | 4 |  4.2
Armour         | 4 |  4.1
Dodging        | 1 |  1.0
Shields        | |  3.7

Action                   |  1- 3 |  4- 6 |  7- 9 || total
-------------------------+-------+-------+-------++-------
Melee: Flail             |   116 |   130 |    11 ||   257
  Use: Scroll            |       |     3 |       ||     3
       Potion            |       |     5 |       ||     5
Armor: Scale mail        |    76 |    59 |     5 ||   140
Dodge: Dodged            |    53 |    36 |     5 ||    94
Block: Buckler           |    32 |    21 |     1 ||    54
